 Dungeon Crawl Stone Soup version 0.31-a0-986-g5e6e4ef867 (webtiles) character file.

Game seed: 14654403350005247346

1789 LeprechaunX the Mimic (level 9, -1/87 HPs)
             Began as an Octopode Shapeshifter on Nov 7, 2023.
             Was an Initiate of Hepliaklqana.
             Slain by a two-headed ogre
             ... wielding a +0 giant club
              (16 damage)
             ... on level 7 of the Dungeon.
             The game lasted 00:10:25 (5625 turns).

LeprechaunX the Mimic (Octopode Shapeshifter)       Turns: 5625, Time: 00:10:25

Health: -1/87      AC: 24    Str: 24    XL:     9   Next: 8%
Magic:  13/13      EV:  2    Int:  9    God:    Hepliaklqana [......]
Gold:   372        SH:  5    Dex: 18    Spells: 12/14 levels left

rFire   . . .        r - +6 short sword of Linulut {freeze, Str+2 Int-3 Dex+5}
rCold   . . .        (no shield)
rNeg    . . .        (helmet currently unavailable)
rPois   +            q - amulet of reflection
rElec   .            e - +5 ring of evasion
rCorr   .            h - +6 ring of strength
SInv    .            (no ring)
Will    .....        (no ring)
Stlth   ++           (no ring)
HPRegen 0.34/turn    (no ring)
MPRegen 0.13/turn    (no ring)
                     (no ring)

%: reflection
@: tree-form, studying Shapeshifting
A: stationary, stasis, torment immunity, boosted hp, almost no armour,
(amphibious), 8 rings, (camouflage 1), (gelatinous body 1), (nimble swimmer 1),
(tentacles)
a: Renounce Religion


You were on level 7 of the Dungeon.
You worshipped Hepliaklqana.
Hepliaklqana was noncommittal.
You were a tree.
You visited 2 branches of the dungeon, and saw 8 of its levels.

You collected 392 gold pieces.
You spent 20 gold pieces at shops.

Inventory:

Hand Weapons
 a - a +0 sling
 r - the +6 short sword of Linulut (weapon) {freeze, Str+2 Int-3 Dex+5}
   (You found it on level 3 of the Dungeon)

   Str+2:     It affects your strength (+2).
   Int-3:     It affects your intelligence (-3).
   Dex+5:     It affects your dexterity (+5).
Missiles
 d - 6 javelins (quivered)
 o - 6 atropa-tipped darts
 w - 4 curare-tipped darts
 y - 3 boomerangs
Jewellery
 e - a +5 ring of evasion (left branch)
 h - a +6 ring of strength (right branch)
 q - an amulet of reflection (around neck)
Talismans
 b - a beast talisman
 c - a flux talisman
Wands
 t - a wand of flame (16)
Scrolls
 f - 4 scrolls of enchant weapon
 g - a scroll of enchant armour
 i - a scroll of butterflies
 l - a scroll of immolation {unknown}
 p - 2 scrolls of teleportation {unknown}
 s - a scroll of fog {unknown}
 u - 2 scrolls of silence {unknown}
 v - 2 scrolls of identify
 x - a scroll of blinking {unknown}
 A - a scroll of fear {unknown}
 B - a scroll of revelation {unknown}
 C - a scroll of vulnerability {unknown}
Potions
 j - 2 potions of mutation
 k - 7 potions of curing
 n - a potion of heal wounds
 z - a potion of invisibility {unknown}
 D - a potion of might {unknown}
 E - a potion of enlightenment {unknown}


   Skills:
 + Level 4.2 Fighting
 - Level 4.0 Throwing
 - Level 2.0 Dodging
 + Level 5.2 Unarmed Combat
 + Level 3.0 Spellcasting
 + Level 3.4 Translocations
 + Level 3.1 Evocations
 * Level 8.2 Shapeshifting


You had 12 spell levels left.
You knew the following spells:

 Your Spells              Type           Power      Damage    Failure   Level
a - Blink                 Tloc           14%        N/A       11%         2

Your spell library contained the following spells:

 Spells                   Type           Power      Damage    Failure   Level
 Lesser Beckoning         Tloc           14%        N/A       11%         2
 Momentum Strike          Conj/Tloc      8%         3d8       22%         2
 Gell's Gravitas          Tloc           7%         N/A       22%         3
 Teleport Other           Tloc           7%         N/A       22%         3
 Slow                     Hex            4%         N/A       30%         1
 Confusing Touch          Hex            1%         N/A       65%         3
 Sigil of Binding         Hex            1%         N/A       65%         3
 Vampiric Draining        Necr           1%         2d6       65%         3
 Animate Dead             Necr           1%         N/A       96%         4
 Borgnjor's Vile Clutch   Necr/Erth      0%         N/A       100%        5
 Death Channel            Necr           0%         N/A       100%        6
 Dispersal                Tloc           3%         N/A       100%        6


Dungeon Overview and Level Annotations

Branches:
Dungeon (7/15)             Temple (1/1) D:6

Altars:
Ashenzari
Dithmenos
Fedhas
Gozag
Hepliaklqana
Kikubaaqudgha
Okawaru
Ru
Sif Muna
Trog
Uskayaw
Vehumet
Wu Jian
Xom
Yredelemnul
Zin

Shops:
D:1 ?   D:2 !   D:4 ![[

Annotations:
D:6 3 runed translucent doors, LeprechaunX's ghost, novice OpSh


Innate Abilities, Weirdness & Mutations

You are a tree.
Your roots penetrate the ground, keeping you stationary.
You cannot be teleported.
You are immune to unholy pain and torment.
Your maximum health is greatly increased.
You cannot wear most types of armour.
((You are amphibious.))
You can wear up to eight rings at the same time.
((Your skin changes colour to match your surroundings (Stealth+).))
((Your rubbery body absorbs attacks. (AC +1, EV +1)))
((You are camouflaged when in or above water. (Stealth+)))
((You have tentacles for arms and can constrict up to eight enemies at once.))


Message History

The orc hits you but does no damage.
The orc wizard hits you but does no damage.
Something hits you but does no damage.
The two-headed ogre hits you but does no damage.
The two-headed ogre hits you with a +0 giant club.
The orc hits you but does no damage.
You hit the orc wizard. You freeze the orc wizard.
The orc wizard is heavily wounded.
The orc hits you but does no damage.
The orc wizard hits you but does no damage.
Something hits you but does no damage. The orc hits you but does no damage.
You closely miss the orc wizard.
The orc wizard is heavily wounded.
You block the orc's attack.
The orc wizard gestures at you while chanting.
You easily resist.
The two-headed ogre hits you but does no damage.
The two-headed ogre hits you with a +0 giant club!!
* * * LOW HITPOINT WARNING * * *
Something hits you but does no damage. The orc barely misses you.
You hit the two-headed ogre. You freeze the two-headed ogre.
The two-headed ogre is moderately wounded.
The orc hits you but does no damage.
The orc wizard hits you but does no damage.
Something hits you but does no damage. The orc hits you but does no damage.
The two-headed ogre hits you but does no damage.
The two-headed ogre hits you with a +0 giant club!
* * * LOW HITPOINT WARNING * * *
Casting: Blink (safe; 11% risk of failure)
Confirm with . or Enter, or press ? or * to list all spells.
You cannot blink because you are held in place by your roots.
You hit the two-headed ogre. You freeze the two-headed ogre.
The two-headed ogre is heavily wounded.
You block the orc's attack. Something hits you but does no damage.
You hit the two-headed ogre. You freeze the two-headed ogre.
The two-headed ogre is heavily wounded.
The orc hits you but does no damage.
The two-headed ogre hits you but does no damage.
The two-headed ogre hits you with a +0 giant club!
You die...

#. ..h.# #. ...o## #.
..o.'. ######.##..o.#
.............
........... .......oh#
.......O{# ......oo♣#
.......oo####
........o'..#### ######
)........##....###...†#
.....!...#####...#....#
.........# ###......#
.........# ###..###
########## ##.##
#..####


You could see a two-headed ogre, a hound, an orc wizard and 5 orcs.

Vanquished Creatures
  Grinder (D:4)
  A water moccasin (D:6)
  An ogre (D:6)
  4 centaurs
  A kobold brigand (D:7)
  5 scorpions
  6 hounds
  4 jellies
  A sleepcap (D:7)
  Terence (D:2)
  3 iguanas
  2 orc wizards (D:7)
  Robin (D:2)
  3 adders
  A shadow imp (D:5)
  A white imp (D:7)
  2 ufetubi (D:5)
  5 worms
  A dart slug (D:4)
  17 orcs
  6 ball pythons
  5 bats
  5 endoplasms
  11 giant cockroaches
  16 goblins
  10 hobgoblins
  7 quokkas
  3 frilled lizards (D:1)
  13 kobolds
  4 rats
141 creatures vanquished.

Vanquished Creatures (others)
  An orc wizard (D:7)
1 creature vanquished.

Grand Total: 142 creatures vanquished

Notes
Turn   | Place    | Note
-------+----------+-------------------------------------------
     0 | D:1      | LeprechaunX the Octopode Shapeshifter began the quest for
                  | the Orb.
     0 | D:1      | Reached XP level 1. HP: 13/13 MP: 1/1
    86 | D:1      | Reached XP level 2. HP: 18/18 MP: 2/2
   239 | D:1      | Found a faded altar of an unknown god.
   268 | D:1      | Reached XP level 3. HP: 23/23 MP: 3/3
   567 | D:1      | Found Geticoir's Magic Scroll Shoppe.
   570 | D:1      | Bought a scroll of identify for 20 gold pieces
   662 | D:2      | Found Adghac's Distillery.
   847 | D:2      | Reached skill level 1 in Throwing
   854 | D:2      | Noticed Robin
   867 | D:2      | Killed Robin
   868 | D:2      | Reached skill level 4 in Shapeshifting
   868 | D:2      | Reached XP level 4. HP: 24/29 MP: 4/4
  1053 | D:2      | Noticed Terence
  1065 | D:2      | Killed Terence
  1066 | D:2      | Reached XP level 5. HP: 22/34 MP: 5/5
  1480 | D:3      | Learned a level 2 spell: Blink
  1879 | D:3      | Reached skill level 5 in Shapeshifting
  1887 | D:3      | Identified the +6 short sword of Linulut {freeze, Str+2
                  | Int-3 Dex+5}
  2000 | D:4      | Found Qoklain's Distillery.
  2000 | D:4      | Found Zoivvuhe's Antique Armour Emporium.
  2000 | D:4      | Found Volah's Armour Emporium.
  2131 | D:4      | Reached skill level 1 in Translocations
  2131 | D:4      | Reached XP level 6. HP: 41/41 MP: 5/7
  2210 | D:4      | Reached skill level 1 in Spellcasting
  2979 | D:5      | Entered Level 5 of the Dungeon
  2980 | D:5      | Noticed Grinder
  2992 | D:4      | Killed Grinder
  2993 | D:4      | Reached skill level 1 in Evocations
  2993 | D:4      | Reached skill level 6 in Shapeshifting
  2993 | D:4      | Reached XP level 7. HP: 30/46 MP: 7/9
  3432 | D:5      | Reached XP level 8. HP: 52/52 MP: 11/11
  4316 | D:6      | Reached skill level 7 in Shapeshifting
  4531 | D:6      | Found a runed translucent gate.
  4531 | D:6      | Found a runed translucent gate.
  4531 | D:6      | Found a runed translucent gate.
  4531 | D:6      | Noticed LeprechaunX's ghost (novice OpSh)
  4944 | D:6      | Found a staircase to the Ecumenical Temple.
  5141 | Temple   | Entered the Ecumenical Temple
  5145 | Temple   | Became a worshipper of Hepliaklqana the Forgotten
  5297 | D:7      | Reached skill level 5 in Unarmed Combat
  5456 | D:7      | Reached skill level 8 in Shapeshifting
  5565 | D:7      | Reached XP level 9. HP: 57/58 MP: 13/13
  5606 | D:7      | Noticed a two-headed ogre
  5625 | D:7      | Slain by a two-headed ogre

Illustrated notes

Levels and vault maps discovered:
D:1:      dpeg_arrival_stonehenge_8_columns, layout_loops_ring, serial_shops,
          nicolae_shop_rolled_up, hellmonk_ecumenical_altar_pennies_from_heaven,
          st_stairs_1, nicolae_wormholes
D:2:      layout_loops_ring, serial_shops, nicolae_shop_industrial_runoff,
          minmay_worlds_worst_comb, uniq_robin, uniq_terence
D:3:      layout_rooms, serial_bayou_pond_b
D:4:      layout_cave_pods, nicolae_shop_distant_corner_stores
D:5:      layout_basic, minmay_holes, minmay_misc_feat_plants, minivault_11,
          uniq_grinder
D:6:      layout_basic, minmay_temple_entry_nine_rooms,
          gammafunk_ghost_nasty_kobolds
D:7:      layout_basic, serial_shops, shop_coins, gammafunk_ghost_grave,
          minivault_19
Temple:   kb_temple_of_zot

Skill      XL: |  1  2  3  4  5  6  7  8  9 |
---------------+----------------------------+-----
Throwing       | 1 2 3 4 |  4.0
Shapeshifting  | 4 5 6 8 |  8.2
Fighting       | 2 3 4 |  4.2
Translocations | 1 2 3 |  3.4
Spellcasting   | 1 2 3 |  3.0
Unarmed Combat | 4 5 |  5.2
Evocations     | 1 3 |  3.1
Dodging        | |  2.0

Action                     |  1- 3 |  4- 6 |  7- 9 || total
---------------------------+-------+-------+-------++-------
  Melee: Unarmed           |    83 |    59 |       ||   142
         Constrict         |    23 |    28 |    18 ||    69
         Tentacles         |    21 |    19 |    21 ||    61
         Punch             |     1 |     2 |     5 ||     8
         Short sword       |       |    37 |   112 ||   149
  Throw: Javelin           |       |     2 |       ||     2
    Use: Scroll            |     2 |     3 |       ||     5
         Potion            |       |       |     2 ||     2
   Stab: Sleeping          |     6 |     4 |     8 ||    18
 Armour: Skin              |    24 |    27 |   145 ||   196
  Dodge: Dodged            |    57 |    74 |    70 ||   201
  Block: Other             |       |     7 |    32 ||    39
         Reflection        |       |       |     3 ||     3

Table legend: (Time is in decaauts)
 A = Elapsed time spent in this place.
 B = Non-inter-level travel time spent in this place.
 C = Inter-level travel time spent in this place.
 D = Time resting spent in this place.
 E = Time spent auto-exploring this place.
 F = Levels seen in this place.
 G = Mean time per level.
                   A        B        C        D        E       F      G
               +--------+--------+--------+--------+--------+-----+--------+
         Total |   5617 |   5076 |    541 |    306 |   3860 |   8 |  702.1 |
       Dungeon |   5608 |   5067 |    541 |    306 |   3860 |   7 |  801.1 |
        Temple |      8 |      8 |      0 |      0 |      0 |   1 |    8.0 |
               +--------+--------+--------+--------+--------+-----+--------+

Top non-repeatable levels by time:
     D:5: 1116 daAuts
     D:4: 1101 daAuts
     D:6: 990 daAuts
     D:2: 766 daAuts
     D:3: 669 daAuts
     D:1: 597 daAuts
     D:7: 367 daAuts
  Temple: 8 daAuts
